 Dungeon Crawl Stone Soup version 0.30-a0-341-g682706514a (webtiles) character file.

Game seed: 17059107007584650788

31 NinjaNoafa the Cutter (level 3, 0/29 HPs)
             Began as a Demonspawn Monk on Nov 4, 2022.
             Slain by Natasha (9 damage)
             ... on level 2 of the Dungeon.
             The game lasted 00:01:25 (1005 turns).

NinjaNoafa the Cutter (Demonspawn Monk)             Turns: 1005, Time: 00:01:26

Health: 0/29       AC:  2    Str: 10 (11) XL:     3   Next: 7%
Magic:  3/3        EV: 13    Int:  8 (11) God:
Gold:   72         SH:  4    Dex: 14 (17) Spells: 2/2 levels left

rFire   . . .      SeeInvis .    a - +0 short sword
rCold   . . .      Faith    .    (no shield)
rNeg    . . .      Spirit   .    b - +0 robe
rPois   .          Reflect  .    (no helmet)
rElec   .          Harm     .    (no cloak)
rCorr   .          Rampage  .    (no gloves)
Will    .....                    (no boots)
Stlth   ++........               (no amulet)
HPRegen 0.24/turn                (no ring)
MPRegen 0.08/turn                (no ring)

@: lethally poisoned (0 -> -2)
A: condensation shield
a: no special abilities


You were on level 2 of the Dungeon.
You visited 1 branch of the dungeon, and saw 2 of its levels.

You collected 72 gold pieces.

Inventory:

Hand Weapons
 a - a +0 short sword (weapon)
Missiles
 f - 14 stones (quivered)
 g - 4 poisoned darts
Armour
 b - a +0 robe (worn)
Scrolls
 c - 2 scrolls of fear {unknown}
 d - a scroll of blinking {unknown}
 h - a scroll of identify {unknown}
Potions
 i - a potion of magic {unknown}
 j - a potion of heal wounds {unknown}
 k - a potion of curing {unknown}


   Skills:
 - Level 3.0 Fighting
 + Level 3.4 Short Blades
 + Level 2.9 Dodging
 * Level 2.2 Stealth


You had 2 spell levels left.
You didn't know any spells.
Your spell library was empty.

Dungeon Overview and Level Annotations

Branches:
Dungeon (2/15)

Altars:

Annotations:
D:2 Natasha


Innate Abilities, Weirdness & Mutations

A meltable shield of frost defends you. (SH +4)


Message History

Done exploring.
(D) Dungeon
Where to? (? - help)
There is a stone staircase leading down here.
You climb downwards.
There is a stone staircase leading up here.
Found a stone staircase leading down.
A ball python comes into view.
Natasha, Servant of Life and Death comes into view.
She is carrying a wand of flame (13).
Found an escape hatch in the floor.
A goblin comes into view.
It is wielding a +0 dagger and quivering poisoned darts.
The helpless ball python fails to defend itself.
You puncture the ball python!
You kill the ball python!
You see here a ball python corpse.
Natasha mumbles some strange words.
Natasha stares at you and mumbles some strange words.
You resist with significant effort.
You closely miss Natasha.
Natasha mumbles some strange words.
The goblin shouts!
You hit Natasha but do no damage. The crimson imp hits you.
Natasha stares at you and mumbles some strange words.
The magic dart hits you.
You closely miss Natasha. You block the crimson imp's attack.
The goblin throws a poisoned dart.
The poisoned dart hits you!
You are poisoned.
Natasha misses you.
It was a potion of degeneration.
There was something very wrong with that liquid.
You feel weakened.
You feel dopey.
You feel clumsy.
You feel sick.
The crimson imp blinks!
Natasha barely misses you. Natasha attacks as you move away!
You block Natasha's attack. The white imp attacks as you move away!
The white imp closely misses you.
You feel sick. The white imp gestures at you. The puff of frost hits you!
The crimson imp blinks!
The goblin throws a poisoned dart.
The poisoned dart closely misses you.
You feel sick. Natasha claws you!
You die...

.... #.#
....###.#######
..............#
..............#
##....g.†.....#
#............#
#.......§5.>.###
######.#.h......#
#.#@######.#
#.#.# .....
#.#### #. #


You could see Natasha, a white imp (summoned) and a goblin.

Vanquished Creatures
  4 dart slugs (D:1)
  2 ball pythons
  2 bats (D:1)
  A giant cockroach (D:1)
  2 goblins (D:1)
  A hobgoblin (D:1)
  2 quokkas (D:1)
  4 kobolds (D:1)
  3 rats (D:1)
21 creatures vanquished.

Notes
Turn   | Place    | Note
-------+----------+-------------------------------------------
     0 | D:1      | NinjaNoafa the Demonspawn Monk began the quest for the Orb.
     0 | D:1      | Reached XP level 1. HP: 18/18 MP: 1/1
   190 | D:1      | Gained mutation: A meltable shield of frost defends you.
                  | (SH +4) [demonic ancestry]
   190 | D:1      | Reached XP level 2. HP: 12/24 MP: 2/2
   682 | D:1      | Reached XP level 3. HP: 29/29 MP: 3/3
   992 | D:2      | Noticed Natasha
  1005 | D:2      | Slain by Natasha

Illustrated notes

Levels and vault maps discovered:
D:1:      psy_arrival_basics, layout_loops_ring, amethyst_killhole
D:2:      layout_basic, uniq_natasha, uniq_crazy_yiuf_cottage

Skill      XL: |  1  2 |
---------------+-------+-----
Short Blades   | 3 |  3.4
Stealth        | 2 |  2.2
Fighting       | |  3.0
Dodging        | |  2.9

Action                   || total
-------------------------++-------
Melee: Short sword       ||    92
  Use: Potion            ||     2
 Stab: Sleeping          ||     4
Armor: Robe              ||     9
Dodge: Dodged            ||    44
Block: Other             ||     8

Table legend: (Time is in decaauts)
 A = Elapsed time spent in this place.
 B = Non-inter-level travel time spent in this place.
 C = Inter-level travel time spent in this place.
 D = Time resting spent in this place.
 E = Time spent auto-exploring this place.
 F = Levels seen in this place.
 G = Mean time per level.
                   A        B        C        D        E       F      G
               +--------+--------+--------+--------+--------+-----+--------+
         Total |    990 |    980 |     10 |      0 |    800 |   2 |  495.0 |
       Dungeon |    990 |    980 |     10 |      0 |    800 |   2 |  495.0 |
               +--------+--------+--------+--------+--------+-----+--------+

Top non-repeatable levels by time:
     D:1: 855 daAuts
     D:2: 135 daAuts
